 Dungeon Crawl Stone Soup version 0.28-a0-410-gbef64dd269 (webtiles) character file.

Game seed: 12756301356532910080

109 hjaiej13 the Gusty (level 4, -9/25 HPs)
             Began as a Tengu Air Elementalist on Sept 5, 2021.
             Killed from afar by an orc wizard (11 damage)
             ... with a puff of flame
             ... on level 4 of the Dungeon on Sept 6, 2021.
             The game lasted 00:07:33 (3339 turns).

hjaiej13 the Gusty (Tengu Air Elementalist)         Turns: 3339, Time: 00:07:34

Health: -9/25      AC:  2    Str:  8    XL:     4   Next: 90%
Magic:  5/8        EV: 12    Int: 16    God:
Gold:   202        SH:  0    Dex: 15    Spells: 1/7 levels left

rFire   . . .      SeeInvis .   d - +0 short sword
rCold   . . .      Faith    .   (no shield)
rNeg    . . .      Spirit   .   a - +0 robe
rPois   .          Reflect  .   (helmet restricted)
rElec   .          Harm     .   (no cloak)
rCorr   .          Rampage  .   (no gloves)
Will    .....                   (boots unavailable)
Stlth   ++........              (no amulet)
HPRegen 0.08/turn               (no ring)
MPRegen 0.11/turn               (no ring)

@: swift, quick
A: beak, talons 3
a: no special abilities


You were on level 4 of the Dungeon.
You visited 1 branch of the dungeon, and saw 4 of its levels.

You collected 202 gold pieces.

Inventory:

Hand Weapons
 c - a +0 whip
 d - a +0 short sword (weapon)
 j - a +0 falchion
Armour
 a - a +0 robe (worn)
 n - a +2 kite shield
Scrolls
 b - 3 scrolls of identify {unknown}
 g - a scroll of magic mapping {unknown}
 i - a scroll of acquirement {unknown}
 k - a scroll of enchant weapon {unknown}
Potions
 e - a potion of mutation {unknown}
 f - a potion of invisibility {unknown}
 h - a potion of heal wounds {unknown}
 l - a potion of lignification {unknown}


   Skills:
 + Level 1.1 Fighting
 + Level 1.2 Armour
 + Level 2.5 Dodging
 - Level 2.0 Stealth
 + Level 2.2 Spellcasting
 + Level 3.4 Conjurations
 + Level 5.2 Air Magic


You had one spell level left.
You knew the following spells:

 Your Spells              Type           Power      Damage    Failure   Level
a - Shock                 Conj/Air       60%        1d6       3%          1
b - Static Discharge      Conj/Air       15%        N/A       5%          2
c - Swiftness             Air            18%        N/A       7%          3

Your spell library contained the following spells:

 Spells                   Type           Power      Damage    Failure   Level
 Airstrike                Air            9%         N/A       24%         4


Dungeon Overview and Level Annotations

Branches:
Dungeon (4/15)
 Temple: D:4-7

Altars:
Ashenzari
Trog
Uskayaw


Innate Abilities, Weirdness & Mutations

You have a beak for a mouth.
You have claws for feet.


Message History

A gnoll comes into view. It is wielding a +0 halberd.
The orc shouts!
A howler monkey comes into view.
The orc wizard casts a spell at you. The puff of flame hits you.
A ball python comes into view.
The ball python moves out of view.
There is an open door here.
The ball python hisses angrily.
You close the door.
An orc wizard opens the door.
The orc wizard gestures at you while chanting.
The magic dart hits you.
* * * LOW HITPOINT WARNING * * *
The ball python bites you but does no damage.
The ball python barely misses you.
There is an open door here.
The ball python bites you.
* * * LOW HITPOINT WARNING * * *
The ball python grabs you. The ball python constricts you.
There's a creature in the doorway!
Okay, then.
Okay, then.
Cast which spell? (? or * to list)
Okay, then.
Cast which spell? (? or * to list)
The spell is quite dangerous to cast (7% risk of failure)!
Continue anyway? [Y]es or [N]o only, please.
The spell is quite dangerous to cast (7% risk of failure)!
Continue anyway? [Y]es or [N]o only, please.
The spell is quite dangerous to cast (7% risk of failure)!
Continue anyway?
You feel quick. The ball python misses you. The ball python constricts you.
* * * LOW HITPOINT WARNING * * *
You escape the ball python's grasp.
The orc wizard gestures wildly while chanting.
The orc wizard flickers and vanishes!
Deactivating autopickup; reactivate with Ctrl-A.
A puff of flame appears from out of thin air!
The puff of flame hits you!
You die...

##########
###########........#
..........#..<.....#
..........'........#
..........#........#
..........#........#
#......
...###..###........#
..#.....#########'#
....##+###
.(#.....#....S..@.#.....#
..#.....#.........#.....#
..#.....#.........#.....#
..#.....#.{.......#
..#.....#o#####...#
..#.....g.....#####
..##o###......#
..##...#......#
.......#......#


You could see an orc wizard and a ball python.

Vanquished Creatures
  5 adders
  A worm (D:2)
  3 dart slugs
  3 endoplasms
  6 giant cockroaches
  2 goblins (D:3)
  8 hobgoblins
  3 quokkas
  6 ball pythons
  7 bats
  2 frilled lizards (D:1)
  8 kobolds
  2 rats
56 creatures vanquished.

Notes
Turn   | Place    | Note
-------+----------+-------------------------------------------
     0 | D:1      | hjaiej13 the Tengu Air Elementalist began the quest for the
                  | Orb.
     0 | D:1      | Reached XP level 1. HP: 10/10 MP: 4/4
   157 | D:1      | Found a faded altar of an unknown god.
   338 | D:1      | Reached XP level 2. HP: 13/15 MP: 3/6
  1111 | D:1      | Reached XP level 3. HP: 14/19 MP: 3/7
  1368 | D:1      | Learned a level 2 spell: Static Discharge
  1372 | D:1      | Learned a level 3 spell: Swiftness
  1810 | D:2      | Reached skill level 5 in Air Magic
  1904 | D:2      | Reached XP level 4. HP: 24/24 MP: 3/8
  2103 | D:2      | Reached skill level 1 in Armour
  2552 | D:3      | Reached skill level 1 in Fighting
  2663 | D:3      | Found a hide-covered altar of Uskayaw.
  2819 | D:3      | Found a broken altar of Ashenzari.
  2834 | D:3      | Found a bloodstained altar of Trog.
  3226 | D:3      | Upgraded the game from 0.28-a0-407-g69098e2f6d to
                  | 0.28-a0-410-gbef64dd269
  3319 | D:4      | Noticed an orc warrior
  3339 | D:4      | Killed from afar by an orc wizard

Illustrated notes

Levels and vault maps discovered:
D:1:      dpeg_arrival_ternary, layout_basic, ebering_ecumenical_altar_mist
D:2:      layout_loops_ring
D:3:      layout_basic, amcnicky_altar_gilded,
          nicolae_uskayaw_murder_on_the_dancefloor,
          mainiacjoe_overflow_small_starburst, st_stairs_3
D:4:      layout_gridville, gammafunk_temple_overflow_claw,
          minmay_strange_pillars, minmay_misc_feat_tower

Skill      XL: |  1  2  3  4 |
---------------+-------------+-----
Conjurations   | 2 3 |  3.4
Air Magic      | 5 |  5.2
Armour         | 1 |  1.2
Fighting       | 1 |  1.1
Dodging        | |  2.5
Stealth        | |  2.0
Spellcasting   | |  2.2

Action                   |  1- 3 |  4- 6 || total
-------------------------+-------+-------++-------
Melee: Unarmed           |     5 |       ||     5
       Kick              |     8 |     3 ||    11
       Peck              |     2 |       ||     2
       Short sword       |    17 |     7 ||    24
 Cast: Shock             |    63 |    37 ||   100
       Swiftness         |       |     1 ||     1
 Stab: Sleeping          |       |     1 ||     1
Armor: Robe              |     7 |     4 ||    11
Dodge: Dodged            |    22 |    12 ||    34

Table legend: (Time is in decaauts)
 A = Elapsed time spent in this place.
 B = Non-inter-level travel time spent in this place.
 C = Inter-level travel time spent in this place.
 D = Time resting spent in this place.
 E = Time spent auto-exploring this place.
 F = Levels seen in this place.
 G = Mean time per level.
                   A        B        C        D        E       F      G
               +--------+--------+--------+--------+--------+-----+--------+
         Total |   3338 |   3248 |     90 |    103 |   2796 |   4 |  834.5 |
       Dungeon |   3338 |   3248 |     90 |    103 |   2796 |   4 |  834.5 |
               +--------+--------+--------+--------+--------+-----+--------+

Top non-repeatable levels by time:
     D:1: 1373 daAuts
     D:2: 1089 daAuts
     D:3: 823 daAuts
     D:4: 52 daAuts
